 Dungeon Crawl Stone Soup version 0.23.1 (webtiles) character file.

Game seed: 0

1629 myga the Chiller (level 8, 0/62 HPs)
             Began as a Centaur Ice Elementalist on Mar 17, 2019.
             Succumbed to a worker ant's poison
             ... on level 6 of the Dungeon.
             The game lasted 00:40:09 (7117 turns).

myga the Chiller (Centaur Ice Elementalist)         Turns: 7117, Time: 00:40:09

Health: 0/62       AC:  5    Str: 11    XL:     8   Next: 65%
Magic:  1/15       EV: 16    Int: 14    God:
Gold:   229        SH:  0    Dex: 19    Spells: 2/16 levels left

rFire    + . .     SeeInvis .   g - -1 short sword (curse)
rCold    + + .     Gourm    .   (no shield)
rNeg     . . .     Faith    .   I - +1 robe {rF+}
rPois    .         Spirit   .   (no helmet)
rElec    .         Reflect  .   p - scarf {rC+ rF+}
rCorr    .         Harm     .   (no gloves)
MR       .....                  (no barding)
Stlth    +++.......             k - amulet of rage
HPRegen  0.20/turn              b - +2 ring of dexterity
MPRegen  0.14/turn              R - ring of ice

@: agile, lethally poisoned (0 -> -1), very quick
A: large, hooves 3, deformed body, speed 2, tough skin 3
a: Evoke Berserk Rage


You were on level 6 of the Dungeon.
You were not hungry.

You visited 1 branch of the dungeon, and saw 6 of its levels.

You collected 229 gold pieces.

Inventory:

Hand Weapons
 a - a +0 hunting sling
 g - a cursed -1 short sword (weapon)
 h - a +0 hand axe
 l - a +1 antimagic halberd
 n - a +0 long sword
 t - a +0 spear
 u - a +0 falchion of distortion
 v - a +0 antimagic whip
 F - a +1 whip of flaming
 H - a +0 scythe
 J - a +0 morningstar
 L - a +0 short sword
 N - a +0 flail
 P - a +0 mace
 Q - a +0 whip
Missiles
 q - 21 sling bullets
 r - 50 arrows
 s - 167 stones (quivered)
 w - 8 tomahawks
 B - 12 poisoned needles
Armour
 m - a +0 robe
 p - a scarf of resistance (worn)
 z - a +1 robe
 G - a +0 robe
 I - a +1 robe of fire resistance (worn)
 K - a +0 scale mail
 O - a +0 ring mail
Magical Staves
 D - an uncursed staff of fire {unknown}
Jewellery
 b - a +2 ring of dexterity (left hand)
 k - an amulet of rage (around neck)
 y - an uncursed amulet of faith
 C - an uncursed amulet of guardian spirit
 R - a ring of ice (right hand)
Wands
 S - a wand of digging (5)
Scrolls
 E - a scroll of random uselessness
Potions
 d - a potion of cancellation
 e - 3 potions of agility
 f - a potion of curing
 i - 2 potions of heal wounds {unknown}
 j - 2 potions of brilliance
 o - 2 potions of haste
 x - a potion of resistance {unknown}
 A - 2 potions of berserk rage {unknown}
Comestibles
 c - 6 rations
 M - 4 chunks of flesh


   Skills:
 + Level 2.9 Fighting
 + Level 2.0 Short Blades
 + Level 2.0 Throwing
 + Level 2.5 Dodging
 + Level 1.7 Stealth
 + Level 4.9 Spellcasting
 + Level 2.6 Conjurations
 + Level 1.0 Charms
 + Level 6.2 Ice Magic


You had 2 spell levels left.
You knew the following spells:

 Your Spells              Type           Power        Failure   Level  Hunger
a - Freeze                Ice            ####         1%          1    None
b - Throw Frost           Conj/Ice       ###...       4%          2    ##.....
c - Ozocubu's Armour      Chrm/Ice       ###.....     12%         3    ###....
d - Throw Icicle          Conj/Ice       ###.....     28%         4    ####...
e - Summon Ice Beast      Ice/Summ       ###.....     45%         4    ####...

Your spell library contained the following spells:

 Spells                   Type           Power        Failure   Level  Hunger


Dungeon Overview and Level Annotations

Branches:
Dungeon (6/15)
 Temple: D:4-7

Altars:
Trog
Zin


Innate Abilities, Weirdness & Mutations

You have hooves in place of feet.
Armour fits poorly on your strangely shaped body.
You cover ground very quickly.
You have extremely tough skin. (AC +3)


Message History

You feel sick.
The centaur unwields a +0 shortbow.
The centaur hits you.
* * * LOW HITPOINT WARNING * * *
A phantom comes into view.
The centaur wields a +0 shortbow.
The centaur shoots an arrow.
The arrow hits you!
* * * LOW HITPOINT WARNING * * *
You see here an arrow.
Okay, then.
Casting: Throw Frost (safe; 4% risk of failure)
Confirm with . or Enter, or press ? or * to list all spells.
Okay, then.
Unknown command.
Throwing (i - inventory. (/) - cycle)
s - 167 stones (quivered)
Press: ? - help, Shift-Dir - straight line, f/p - centaur
Aim: a centaur, wielding a +0 shortbow (moderately wounded)
Okay, then.
Okay, then.
As you read the scroll labeled ZEYSUI ENELOD, it crumbles to dust.
You smell salt.
It was a scroll of random uselessness.
You die...

#.##........##.....
#.#
#.##.............(.
...
#.###..#.#.#.....#
.#.# #............#
.#.# #..#.#.#.....#
##........c..##
#.#.#.#..(h..#
#..........#.# ###
##.####...@# #..
#.# #...<# #.. #.#
#....# #.. #.#
#....# ### #..
W.....# #.#######..
#.# #.#. #....


You could see a phantom (dormant), a centaur and a jackal.

Vanquished Creatures
  Pikel (D:5)
  The ghost of grocchini the Magician, an amateur DEWz (D:3)
  A black bear (D:5)
  An ice beast (D:6)
  An eye of draining (D:4)
  The ghost of Aston the Pure, an amateur DsAK of Lugonu (D:3)
  2 ogres (D:4)
  Blork the orc (D:5)
  A bullfrog (D:6)
  A scorpion (D:5)
  A bullfrog skeleton (D:4)
  2 orc priests (D:4)
  A jelly (D:5)
  Jessica (D:2)
  An iguana (D:6)
  2 worker ants
  A hound skeleton (D:4)
  2 gnolls (D:4)
  2 howler monkey skeletons
  An adder (D:3)
  2 worms (D:4)
  2 dart slugs
  A leopard gecko (D:3)
  11 orcs
  4 giant cockroaches
  8 goblins
  6 hobgoblins
  5 jackals
  4 kobolds
  4 ball pythons
  6 bats
  2 frilled lizards (D:1)
  A quokka skeleton (D:4)
  10 rats
91 creatures vanquished.

Vanquished Creatures (others)
  Sigmund (D:5)
1 creature vanquished.

Grand Total: 92 creatures vanquished

Notes
Turn   | Place    | Note
-------+----------+-------------------------------------------
     0 | D:1      | myga the Centaur Ice Elementalist began the quest for the
                  | Orb.
     0 | D:1      | Reached XP level 1. HP: 14/14 MP: 3/3
   253 | D:1      | Reached skill level 3 in Ice Magic
   253 | D:1      | Reached XP level 2. HP: 19/20 MP: 2/4
   260 | D:1      | Learned a level 2 spell: Throw Frost
   589 | D:1      | Reached skill level 1 in Conjurations
   922 | D:2      | Reached XP level 3. HP: 24/26 MP: 0/5
  1630 | D:2      | Learned a level 3 spell: Ozocubu's Armour
  1691 | D:3      | Noticed Jessica
  1720 | D:2      | Killed Jessica
  2041 | D:2      | Reached XP level 4. HP: 10/34 MP: 1/7
  2802 | D:3      | Found a runed translucent gate.
  2802 | D:3      | Found a runed translucent gate.
  2802 | D:3      | Found a runed translucent gate.
  2802 | D:3      | Noticed grocchini's ghost (amateur DEWz)
  2802 | D:3      | Noticed Aston's ghost (amateur DsAK)
  3025 | D:3      | Killed grocchini's ghost
  3025 | D:3      | Reached XP level 5. HP: 19/39 MP: 1/9
  3032 | D:3      | Killed Aston's ghost
  3032 | D:3      | Reached skill level 4 in Ice Magic
  3032 | D:3      | Reached XP level 6. HP: 20/46 MP: 2/10
  3480 | D:4      | Reached skill level 1 in Short Blades
  3972 | D:4      | Found a bloodstained altar of Trog.
  3984 | D:4      | Reached XP level 7. HP: 35/51 MP: 0/12
  4223 | D:4      | Learned a level 4 spell: Throw Icicle
  4492 | D:4      | Reached skill level 1 in Fighting
  4502 | D:4      | Reached skill level 1 in Throwing
  4530 | D:4      | HP: 1/52 [orc priest/divine providence (12)]
  5277 | D:5      | Entered Level 5 of the Dungeon
  5277 | D:5      | Noticed Sigmund
  5301 | D:5      | Found a glowing silver altar of Zin.
  5362 | D:5      | Noticed Pikel
  5775 | D:5      | Reached skill level 5 in Ice Magic
  5960 | D:5      | Noticed Blork the orc
  5979 | D:5      | Killed Blork the orc
  6221 | D:5      | Killed Pikel
  6221 | D:5      | Reached XP level 8. HP: 10/60 MP: 0/14
  6233 | D:5      | Killed Sigmund
  6629 | D:5      | Learned a level 4 spell: Summon Ice Beast
  6848 | D:6      | Reached skill level 6 in Ice Magic
  6896 | D:6      | Reached skill level 1 in Charms
  7116 | D:6      | HP: 1/62 [centaur/arrow (8)]
  7117 | D:6      | Succumbed to a worker ant's poison

Skill      XL: |  1  2  3  4  5  6  7  8 |
---------------+-------------------------+-----
Ice Magic      | 3 4 5 6 |  6.2
Conjurations   | 1 2 |  2.6
Spellcasting   | 2 3 4 |  4.9
Dodging        | 2 |  2.5
Short Blades   | 1 2 |  2.0
Fighting       | 1 2 |  2.9
Throwing       | 2 |  2.0
Charms         | 1 |  1.0
Stealth        | |  1.7

Action                   |  1- 3 |  4- 6 |  7- 9 || total
-------------------------+-------+-------+-------++-------
Melee: Unarmed           |     8 |       |       ||     8
       Club              |     7 |       |       ||     7
       Short sword       |    62 |    65 |    73 ||   200
       Kick              |     8 |    13 |    23 ||    44
Throw: Tomahawk          |     2 |     5 |     3 ||    10
       Stone             |       |    10 |    51 ||    61
 Cast: Freeze            |    17 |    23 |    35 ||    75
       Throw Frost       |    12 |    24 |    42 ||    78
       Ozocubu's Armour  |     2 |     2 |     4 ||     8
  Use: Scroll            |     4 |     6 |     5 ||    15
       Potion            |     3 |     2 |     4 ||     9
  Eat: Chunk             |     2 |     6 |     7 ||    15
       Ration            |       |     1 |     1 ||     2
Armor: Robe              |    46 |    23 |    29 ||    98
Dodge: Dodged            |    66 |    45 |    48 ||   159
